 Dungeon Crawl Stone Soup version 0.17-a0-1262-gd250d98 (webtiles) character file.

498 ohyou the Covered (level 7, 0/47 HPs)
             Began as a Halfling Chaos Knight on June 6, 2015.
             Succumbed to a scorpion's poison
             ... on level 4 of the Dungeon.
             The game lasted 00:13:44 (3973 turns).

ohyou the Covered (Halfling Chaos Knight)           Turns: 3973, Time: 00:13:44

Health: 0/47       AC:  8    Str: 14      XL:     7   Next: 39%
Magic:  7/7        EV: 13    Int: 11      God:    Xom [.*....]
Gold:   113        SH:  5    Dex: 14 (19) Spells: 0 memorised, 6 levels left

rFire  . . .     SeeInvis .     a - +0 falchion (chaos)
rCold  . . .     Clarity  .     z - +0 scale mail
rNeg   . . .     SustAt   .     n - +0 buckler
rPois  .         Gourm    .     (no helmet)
rElec  .         Spirit   .     (no cloak)
rCorr  .         Warding  .     (no gloves)
rMut   .         Stasis   .     y - +0 pair of boots
MR     .....                    (no amulet)
Stlth  ..........               b - ring of flight
                                o - +5 ring of dexterity

@: lethally poisoned (0 -> -2), not resistant to hostile enchantments, extremely
unstealthy
A: hooves 1, mutation resistance 1
a: Renounce Religion, Evoke Flight


   Skills:
 + Level 3.9 Fighting
 + Level 3.4 Long Blades
 * Level 4.6 Armour
 * Level 4.1 Dodging
 * Level 3.2 Shields


You had 6 spell levels left.
You didn't know any spells.


Innate Abilities, Weirdness & Mutations

You are small and have problems with some larger weapons.
You are somewhat resistant to further mutation.
You have large cloven feet.

Inventory:

Hand weapons
 a - a +0 falchion of chaos (weapon)
Missiles
 g - 3 poisoned needles
Armour
 n - a +0 buckler (worn)
 y - a +0 pair of boots (worn)
 z - a +0 scale mail (worn)
Rods
 v - a +2 rod of shadows (12/12)
   (Xom gifted it to you on level 4 of the Dungeon)
Jewellery
 b - a ring of flight (right hand)
 o - a +5 ring of dexterity (left hand)
Magical devices
 i - a wand of slowing (36)
 r - a wand of enslavement (1)
Scrolls
 j - a scroll of fear {unknown}
 k - 2 scrolls of magic mapping {unknown}
 m - 3 scrolls of identify {unknown}
 s - 2 scrolls of recharging {unknown}
 x - 2 scrolls of remove curse {unknown}
Potions
 e - a potion of cure mutation {unknown}
 l - a potion of ambrosia {unknown}
 q - 2 potions of agility {unknown}
 t - a potion of curing {unknown}
 w - a potion of resistance {unknown}
Comestibles
 c - 2 bread rations
 d - a slice of pizza
 f - 2 meat rations
 p - a royal jelly
 u - a chunk of flesh

.....##.##### ### ##...### #.##
............#### #...# #.##
....###........## #...# #.##
....)....##.....# #...# #...
.........##.###.# #...# ####
..#.......#.# #.# #...# #
..........>.###.#######...#########
.......#..#......................##
.....[.#.........@................#
..........###.##..................#
.......##.....#########...#######.#
...........#### #.....# #..
...#######รท# #.....# ### ..######
#.# #.....###### # ..Z.....##.#
##...<.(...# # .. #...#.###
#..)#####.# # # #....# ###...###
#.# #


There were no monsters in sight!


Message History

Something barely misses you.
You hit something but do no damage.
You feel sick. Something stings you.
* * * LOW HITPOINT WARNING * * *
You are lethally poisoned!
Something poisons you!
You completely miss something.
* * * LOW HITPOINT WARNING * * *
You feel very sick. Something stings you.
* * * LOW HITPOINT WARNING * * *
You hit something.
* * * LOW HITPOINT WARNING * * *
You feel sick. You block its attack. You block its attack.
You hit something. You freeze something.
Reactivating autopickup.
Your Dodging skill increases to level 4!
You feel a bit more experienced.
* * * LOW HITPOINT WARNING * * *
You feel sick.
Drink which item? (? for menu, Esc to quit)
You turn into a tree.
Your +0 pair of boots melds into your body.
Your +0 scale mail melds into your body.
Your roots penetrate the ground.
* * * LOW HITPOINT WARNING * * *
You feel sick.
You cannot move.
You cannot move.
You cannot move.
You cannot move.
You cannot move.
You cannot move.
You cannot move.
You cannot move.
You cannot move.
You cannot move.
You cannot move.
You cannot move.
You cannot move.
You start resting.
* * * LOW HITPOINT WARNING * * *
You feel sick.
You start resting.
* * * LOW HITPOINT WARNING * * *
You feel sick.
You start resting.
* * * LOW HITPOINT WARNING * * *
You feel sick.
You start resting.
* * * LOW HITPOINT WARNING * * *
You feel sick.
You start resting.
* * * LOW HITPOINT WARNING * * *
You feel sick.
You start resting.
* * * LOW HITPOINT WARNING * * *
You feel sick.
You start resting.
* * * LOW HITPOINT WARNING * * *
You feel sick.
You start resting.
* * * LOW HITPOINT WARNING * * *
You feel sick.
You start resting.
* * * LOW HITPOINT WARNING * * *
You feel sick.
You start resting.
* * * LOW HITPOINT WARNING * * *
You feel sick.
You start resting.
* * * LOW HITPOINT WARNING * * *
You feel sick.
You start resting.
Your transformation is almost over.
* * * LOW HITPOINT WARNING * * *
You feel sick.
You start resting.
* * * LOW HITPOINT WARNING * * *
You feel sick.
You start resting.
* * * LOW HITPOINT WARNING * * *
You feel sick.
You start resting.
* * * LOW HITPOINT WARNING * * *
You feel sick.
You start resting.
* * * LOW HITPOINT WARNING * * *
You feel sick.
You start resting.
You feel less woody.
Your +0 pair of boots unmelds from your body.
Your +0 scale mail unmelds from your body.
There is a lethal amount of poison in your body!
There is a lethal amount of poison in your body!
There is a lethal amount of poison in your body!
Unknown command.
* * * LOW HITPOINT WARNING * * *
You feel sick.
You die...
Xom roars with laughter!

Dungeon Overview and Level Annotations

Branches:
Dungeon (4/15)
 Temple: D:4-7

Altars:
Gozag
Nemelex Xobeh
Qazlal
Trog
Xom

Notes
Turn   | Place    | Note
--------------------------------------------------------------
     0 | D:1      | ohyou the Halfling Chaos Knight began the quest for the Orb.
     0 | D:1      | Reached XP level 1. HP: 15/15 MP: 1/1
    46 | D:1      | XOM: harmless Chrm miscast
    62 | D:1      | Reached XP level 2. HP: 6/20 MP: 2/2
   167 | D:1      | XOM: harmless Conj miscast
   444 | D:1      | XOM: divination: detect creatures
   697 | D:1      | Reached XP level 3. HP: 26/26 MP: 3/3
   837 | D:1      | XOM: scenery: create altars
   992 | D:2      | Found a bloodstained altar of Trog.
  1054 | D:2      | Found a sparkling altar of Nemelex Xobeh.
  1237 | D:2      | Found an opulent altar of Gozag.
  1237 | D:2      | Found a stormy altar of Qazlal.
  1306 | D:2      | XOM: mild Summ miscast
  1329 | D:2      | Reached XP level 4. HP: 21/31 MP: 4/4
  1369 | D:2      | XOM is BORED!
  1369 | D:2      | XOM: medium Hex miscast
  1491 | D:3      | XOM: scenery: 1 doors close
  1701 | D:3      | XOM: divination: magic mapping
  2127 | D:3      | Reached XP level 5. HP: 34/36 MP: 5/5
  2203 | D:3      | XOM: god gift: brass wand {god gift}
  2294 | D:4      | Reached skill level 1 in Shields
  2298 | D:4      | XOM: smoke on damage
  2463 | D:4      | XOM: god gift: thin glowing rod {god gift}
  2475 | D:4      | Identified a +2 rod of shadows (12/12) (Xom gifted it to you on level 4 of the Dungeon)
  2819 | D:4      | Reached XP level 6. HP: 40/43 MP: 6/6
  3101 | D:4      | XOM: give mutation
  3101 | D:4      | Gained mutation: You have large cloven feet. [Xom's grace]
  3120 | D:4      | Reached skill level 4 in Armour
  3431 | D:4      | XOM: medium Conj miscast
  3476 | D:4      | Reached XP level 7. HP: 14/47 MP: 7/7
  3927 | D:4      | XOM: enchant monster (bad)
  3965 | D:4      | HP: 3/70 [poisoned by a scorpion]
  3970 | D:4      | HP: 1/47 [poisoned by a scorpion]
  3973 | D:4      | Succumbed to a scorpion's poison

Vault maps used:
D:1:      dpeg_arrival_signposts
D:2:      overflow_temple_1_default, lemuel_doored_altar,
          gammafunk_temple_overflow_wave
D:3:      serial_curves, eino_curves_02, eino_curves_01
D:4:      serial_bayou, serial_bayou_pond_b, serial_bayou_shore_a,
          serial_bayou_pond_b, serial_bayou_pond_a

Vanquished Creatures
  A scorpion (D:4)
  A crimson imp (D:4)
  A hound (D:4)
  3 orc wizards (D:4)
  A quasit (D:4)
  An orc priest (D:4)
  An iguana (D:4)
  A worker ant (D:4)
  7 adders (D:3 D:4)
  An ooze (D:2)
  An adder skeleton (D:4)
  A worm (D:4)
  2 giant geckos (D:1 D:4)
  10 orcs (D:3 D:4)
  9 bats (D:1 D:3)
  9 giant cockroaches (D:1 D:2 D:3 D:4)
  13 goblins (D:1 D:2 D:3 D:4)
  11 hobgoblins (D:1 D:2 D:3 D:4)
  8 jackals (D:2 D:3 D:4)
  3 quokkas (D:2 D:3 D:4)
  3 ball pythons (D:1 D:2 D:4)
  9 giant newts (D:1 D:2 D:3 D:4)
  11 kobolds (D:1 D:2 D:3 D:4)
  6 rats (D:2 D:3 D:4)
114 creatures vanquished.

Vanquished Creatures (collateral kills)
  A goblin (D:1)
1 creature vanquished.

Grand Total: 115 creatures vanquished

Action                   |  1- 3 |  4- 6 |  7- 9 || total
-------------------------+-------+-------+-------++-------
Melee: Falchion          |   110 |   284 |    58 ||   452
  Use: Potion            |       |     2 |     1 ||     3
 Stab: Sleeping          |     1 |       |       ||     1
  Eat: Chunk             |     1 |     8 |     1 ||    10
